[Event "*** SCC Grand Prix: Titled Tuesday Blitz"]
[Site "Chess.com"]
[Date "2020.08.11"]
[Round "8"]
[White "pavelalexandru07"]
[Black "crossingthestreet"]
[Result "0-1"]
[WhiteElo "2217"]
[BlackElo "2399"]
[TimeControl "180+1"]
[EndTime "11:34:24 PDT"]
[Termination "crossingthestreet won by checkmate"]

1. e4 c6 2. d4 d5 3. e5 c5 4.
dxc5 Nc6 5. f4 e6 6. Be3 d4 7.
Bf2 Bxc5 8. Nf3 Nge7 9. c3 Nf5 10. b4 Bb6 11. b5 Nce7 12. Nxd4 Nxd4 13. Bxd4 Bxd4 14.
Qxd4 Qxd4 15. cxd4 Nf5 16. Nc3 Nxd4 17. Bd3 O-O 18.
Kf2 b6 19. Ke3 Nf5+ 20. Bxf5 exf5 21. Rhd1 Be6 22. Nd5 Rfd8 23. Nc7 Rac8 24. Rxd8+ Rxd8 25. Nxe6 fxe6 26. Rc1 Rd7 27. Rc6 Kf7 28. g3 Ke7 29. h3 h5 30. h4 Kf7 31. Rd6 Rc7 32.
Kd4 Ke7 33. Rc6 Rxc6 34. bxc6 Kd8 35. Kc4 a6 36. a4 Kc7 37. Kd4 Kxc6 38. Kc4 b5+ 39.
axb5+ axb5+ 40. Kb4 Kb6 41. Kb3 Kc5 42. Kc3 b4+ 43. Kb3 Kb5 44. Kb2 Kc4 45. Kc2 b3+ 46. Kb2 Kb4 47. Kb1 Kc3 48. Kc1 b2+ 49. Kb1 Kb3 50.
g4 hxg4 51. h5 g3 52. h6 g2 53. hxg7 g1=Q# 0-1

[Event "*** SCC Grand Prix: Titled Tuesday Blitz"]
[Site "Chess.com"]
[Date "2020.08.11"]
[Round "8"]
[White "chegueps"]
[Black "ShapkinAnatoliy"]
[Result "0-1"]
[WhiteElo "2469"]
[BlackElo "2740"]
[TimeControl "180+1"]
[EndTime "11:34:25 PDT"]
[Termination "ShapkinAnatoliy won on time"]

1. e4 e5 2. Qh5 Nc6 3. Bc4 g6 4. Qf3 Nf6 5. Ne2 Bg7 6. Nbc3 O-O 7. d3 d6 8. h3 Be6 9. Bg5 h6 10.
Be3 Ne7 11. O-O-O d5 12. exd5 Nexd5 13. Bc5 Re8 14. Ne4 Nd7 15. Ba3 N7b6 16. g4 Qh4 17.
Kb1 Rad8 18. Bb3 a5 19. Nc5 Bc8 20. Ka1 Qf6 21. Qxf6 Nxf6 22. f4 Bf8 23. Rhf1 Kg7 24. Ng3 exf4 25. Rxf4 Nfd5 26. Rf3 a4 27. Nxa4 Bxa3 28.
Nxb6 Bxb2+ 29. Kxb2 cxb6 30. Rdf1 Be6 31. Ne4 f5 32.
gxf5 Bxf5 33. Ng3 Be6 34. a4 Re7 35. Rg1 Kh7 36. Ne4 Rf7 37. Rfg3 g5 38. Rxg5 Nf4 0-1

[Event "*** SCC Grand Prix: Titled Tuesday Blitz"]
[Site "Chess.com"]
[Date "2020.08.11"]
[Round "8"]
[White "TargetA"]
[Black "belisarius64"]
[Result "0-1"]
[WhiteElo "2587"]
[BlackElo "2714"]
[TimeControl "180+1"]
[EndTime "11:34:26 PDT"]
[Termination "belisarius64 won on time"]

1. d4 Nf6 2. c4 g6 3. Nc3 Bg7 4. Nf3 d6 5. g3 O-O 6. Bg2 Nc6 7. O-O e5 8. d5 Ne7 9. e4 Nd7 10. b4 a5 11. bxa5 Rxa5 12. a4 Nc5 13. Nd2 f5 14. exf5 e4 15. f6 Bxf6 16. Bb2 e3 17. fxe3 Nf5 18. Qe2 Re8 19. Nde4 Bg7 20. Nxc5 Rxe3 21. Qd2 dxc5 22. g4 Bd4 23. Kh1 Ng3+ 24. hxg3 Rxg3 25. g5 Be3 26. Qxe3 Rxe3 27. Ne4 Rxe4 28. Bxe4 Qxg5 29.
Rae1 Rxa4 30. Bg2 Bd7 31. Bf6 Qh5+ 32. Kg1 Ra2 33. Re7 Rxg2+ 34. Kxg2 Bh3+ 35. Kg1 Qg4+ 36. Kf2 Qf4+ 37. Ke2 Qxf1+ 0-1

[Event "*** SCC Grand Prix: Titled Tuesday Blitz"]
[Site "Chess.com"]
[Date "2020.08.11"]
[Round "8"]
[White "Eternauta2400"]
[Black "ItsCheckM8Mate"]
[Result "1-0"]
[WhiteElo "2500"]
[BlackElo "2318"]
[TimeControl "180+1"]
[EndTime "11:34:26 PDT"]
[Termination "Eternauta2400 won on time"]

1. e4 e5 2. Nf3 Nc6 3. d4 exd4 4.
Nxd4 Nf6 5. Nxc6 bxc6 6. e5 Qe7 7. Qe2 Nd5 8. c4 Ba6 9. Nd2 g6 10. Nf3 Bg7 11. Bg5 Qb4+ 12. Qd2 Qxd2+ 13. Bxd2 Nb6 14. b3 d6 15. O-O-O dxe5 16. Nxe5 Bxe5 17. Re1 Nd7 18. f4 f6 19. fxe5 Nxe5 20. Bc3 O-O-O 21. Bxe5 fxe5 22. g3 Rhf8 23. Bh3+ Kb8 24. Rhf1 Bc8 25. Bg2 Rxf1 26. Rxf1 c5 27. Kc2 Bf5+ 28. Kc1 e4 29. Re1 Re8 30. Kd2 Kc8 31. Ke3 Rd8 32. Bxe4 Bxe4 33.
Kxe4 Re8+ 34. Kd5 Rd8+ 35. Kxc5 Re8 36. Rxe8+ Kd7 37. Rh8 1-0

[Event "*** SCC Grand Prix: Titled Tuesday Blitz"]
[Site "Chess.com"]
[Date "2020.08.11"]
[Round "8"]
[White "creativity"]
[Black "VladaSviridova"]
[Result "0-1"]
[WhiteElo "2000"]
[BlackElo "2235"]
[TimeControl "180+1"]
[EndTime "11:34:26 PDT"]
[Termination "VladaSviridova won on time"]

1. d4 d5 2. c4 c6 3. Nc3 Nf6 4.
Nf3 dxc4 5. a4 Bf5 6. Ne5 Nbd7 7.
Nxc4 Qc7 8. e4 Nxe4 9. g4 Nxc3 10. bxc3 Be6 11. Ne3 Nf6 12. Bg2 g6 13. h4 h5 14. g5 Nd5 15. Bd2 Bg7 16. Rc1 O-O 17.
Be4 Nxe3 18. Bxe3 Bd5 19. Qc2 Rad8 20. O-O Bxe4 21. Qxe4 e6 22. Rfd1 Qa5 23. Qc2 Rd7 24.
Qb3 Rfd8 25. Rd2 c5 26. Rcd1 cxd4 27. cxd4 Qd5 28. Qb1 Qa5 29. Qb3 Qd5 30. Qb1 Qc4 31. Rd3 Qxa4 32. Rc1 Qa6 33. Rb3 b6 34. Rc2 Qb7 35.
Ra2 Qd5 36. Rba3 a5 37. Ra4 Rd6 38. Rc2 Kh7 0-1

[Event "*** SCC Grand Prix: Titled Tuesday Blitz"]
[Site "Chess.com"]
[Date "2020.08.11"]
[Round "8"]
[White "awesomevishesh"]
[Black "Crazy_girl99"]
[Result "1-0"]
[WhiteElo "2395"]
[BlackElo "2488"]
[TimeControl "180+1"]
[EndTime "11:34:27 PDT"]
[Termination "awesomevishesh won by resignation"]

1. e4 e5 2. Nf3 Nc6 3. Bb5 a6 4. Ba4 Nf6 5. O-O Nxe4 6. Re1 Nc5 7. Bxc6 dxc6 8. Nxe5 Be7 9. d4 Ne6 10. c3 O-O 11. Nd2 c5 12. Ndf3 cxd4 13. cxd4 Qd5 14. Be3 c6 15. a3 Nc7 16. Qc2 g6 17. Bh6 Re8 18. Qd2 Bf5 19. Rac1 Ne6 20. Qe3 Rad8 21. g4 c5 22. gxf5 Nxd4 23. fxg6 hxg6 24. Nxd4 cxd4 25.
Qf3 Qxf3 26. Nxf3 d3 27. Rcd1 Bf6 28. Rxe8+ Rxe8 29. b4 Rd8 30. Bg5 Bxg5 31. Nxg5 Kg7 32. Ne4 b6 33. Rd2 f5 34. Ng5 Kf6 35. Nf3 a5 36. Ne1 axb4 37. axb4 Rd4 38. Nxd3 g5 39. Kf1 f4 40. Ke2 Kf5 41. f3 g4 42. fxg4+ Kxg4 43. Nf2+ 1-0

[Event "*** SCC Grand Prix: Titled Tuesday Blitz"]
[Site "Chess.com"]
[Date "2020.08.11"]
[Round "8"]
[White "Ural_bogatyr"]
[Black "GAusal"]
[Result "1-0"]
[WhiteElo "2360"]
[BlackElo "2156"]
[TimeControl "180+1"]
[EndTime "11:34:27 PDT"]
[Termination "Ural_bogatyr won on time"]

1. e4 c5 2. Nf3 d6 3. d4 cxd4 4.
Qxd4 Nf6 5. Nc3 Nc6 6. Bb5 Bd7 7. Bxc6 Bxc6 8. Bg5 e6 9. O-O-O Be7 10. Qd3 O-O 11.
Nd4 h6 12. h4 a6 13. f4 Qa5 14. Kb1 Rfe8 15. g4 Nxg4 16. Qg3 h5 17. Bxe7 Rxe7 18.
f5 exf5 19. Nxf5 Re5 20. Nxd6 Qb4 21. Qf4 Re7 22. Nf5 Re6 23. Qg5 g6 24. Rd4 Qf8 25. Rhd1 Rae8 26. Nd6 R8e7 27. Nc4 Kg7 28. e5 Bb5 29.
Nxb5 axb5 30. Nd6 Re8 31. Nf5+ Kh7 32. Nd6 Qg7 33. Nxe8 Rxe8 34. a3 Rxe5 35. Qd2 1-0

[Event "*** SCC Grand Prix: Titled Tuesday Blitz"]
[Site "Chess.com"]
[Date "2020.08.11"]
[Round "8"]
[White "OK97"]
[Black "evgenyermolaev"]
[Result "1-0"]
[WhiteElo "2843"]
[BlackElo "2481"]
[TimeControl "180+1"]
[EndTime "11:34:28 PDT"]
[Termination "OK97 won on time"]

1. Nf3 Nf6 2. c4 b6 3. g3 Bb7 4. Bg2 g6 5. O-O Bg7 6. d4 O-O 7. Qc2 e6 8. Nc3 c5 9. d5 exd5 10. Ng5 h6 11. Nh3 Nc6 12. cxd5 Nd4 13. Qd1 Re8 14.
e3 Nf5 15. Nf4 Nd6 16. Re1 b5 17. Qc2 Rc8 18. a4 b4 19. Nb5 Nxb5 20. axb5 Qb6 21.
Qc4 Re5 22. Bd2 g5 23. Nd3 Bxd5 24. Bxd5 Rxd5 25. Ra6 Qb7 26. Rea1 Rxd3 27. Qxd3 c4 28. Qf5 c3 29. bxc3 bxc3 30. Bc1 c2 31. Rxa7 Qb6 32.
Ra8 Rf8 33. Rxf8+ Bxf8 34. Qxc2 Qxb5 35. Bb2 Bg7 36. Ra8+ 1-0

[Event "*** SCC Grand Prix: Titled Tuesday Blitz"]
[Site "Chess.com"]
[Date "2020.08.11"]
[Round "8"]
[White "canary2016"]
[Black "MFguimaraes"]
[Result "0-1"]
[WhiteElo "1876"]
[BlackElo "2410"]
[TimeControl "180+1"]
[EndTime "11:34:28 PDT"]
[Termination "MFguimaraes won by checkmate"]

1. d4 f5 2. g3 Nf6 3. Bg2 d5 4. b3 e6 5. c4 Be7 6. Bb2 O-O 7. Nf3 a5 8. O-O a4 9. bxa4 dxc4 10. Qc2 Bd7 11. Qxc4 Rxa4 12. Qc2 Nc6 13. e3 Nb4 14. Qb3 Qa8 15. Nc3 Ra6 16. a3 Nbd5 17. Nxd5 Nxd5 18. Ne5 Ba4 19. Qc4 c6 20. Rac1 Bb5 21. Qb3 Bxf1 22. Rxf1 Bxa3 23. Bxa3 Rxa3 24. Qb2 Ra2 25. Qb3 Ra3 26. Qb2 b5 27. Rc1 Rc8 28. Nxc6 Kh8 29. Bxd5 exd5 30. Rc5 Ra1+ 31. Kg2 Qa2 32. Qb4 Qb1 33. Qxb1 Rxb1 34. Rxd5 h6 35. Ne7 Rb8 36. Nxf5 b4 37. Rd7 b3 38. Nxg7 b2 39. Ne6 Rg1+ 40. Kxg1 b1=Q+ 41. Kg2 Qe4+ 42. Kh3 Qxe6+ 43. g4 Qxd7 44. f3 Rg8 45. Kg3 Qd6+ 46. f4 Qd5 47. h3 Qe4 48. Kf2 Re8 49. g5 Qxe3+ 50. Kg2 Rc8 51. gxh6 Rc2+ 52. Kh1 Qc1# 0-1

[Event "*** SCC Grand Prix: Titled Tuesday Blitz"]
[Site "Chess.com"]
[Date "2020.08.11"]
[Round "8"]
[White "Vuk2000"]
[Black "Oglob71"]
[Result "1-0"]
[WhiteElo "2733"]
[BlackElo "2581"]
[TimeControl "180+1"]
[EndTime "11:34:29 PDT"]
[Termination "Vuk2000 won by resignation"]

1. d4 Nf6 2. Bg5 d5 3. Bxf6 exf6 4. e3 c6 5. c4 dxc4 6. Bxc4 Bd6 7. Nc3 O-O 8. Nf3 Re8 9. O-O Nd7 10. Qc2 Nf8 11. Bd3 Bg4 12. Nd2 Qc7 13. h3 Be6 14. Nde4 Be7 15. Rac1 Rad8 16. Rfd1 Ng6 17. a3 Bc8 18. Qb3 a6 19. d5 c5 20. Na4 Qe5 21. Naxc5 b5 22.
a4 Rxd5 23. f4 Qh5 24. Ng3 Qh4 25. Qxd5 Qxg3 26. Ne4 Qxe3+ 27. Kh1 Nxf4 28. Qc6 Rf8 29. Bf1 Bf5 30. Re1 Qb3 31. Qc3 Qxa4 32. Qf3 Bxe4 33. Rxe4 Ne6 34. Rxa4 bxa4 35. Bxa6 g6 36. Rc8 Rxc8 37.
Bxc8 Nd4 38. Qa8 Kg7 39. Qxa4 Bd6 40. g4 Be5 41. Qc4 Nf3 42. b4 Nd2 43. Qd3 Bd6 44. Qxd2 1-0

[Event "*** SCC Grand Prix: Titled Tuesday Blitz"]
[Site "Chess.com"]
[Date "2020.08.11"]
[Round "8"]
[White "MrChampion_Coach"]
[Black "Donskov_AN"]
[Result "0-1"]
[WhiteElo "2445"]
[BlackElo "2573"]
[TimeControl "180+1"]
[EndTime "11:34:29 PDT"]
[Termination "Donskov_AN won on time"]

1. e4 c5 2. Nf3 Nc6 3. Bb5 g6 4. Bxc6 dxc6 5. d3 Bg7 6. h3 Nf6 7. Nc3 Nd7 8. Bf4 Nf8 9. Qd2 Ne6 10. Bh6 b5 11. Bxg7 Nxg7 12. a4 Ne6 13. axb5 cxb5 14. Nxb5 Rb8 15. Nxa7 Bd7 16. Ne5 O-O 17. Nac6 Bxc6 18.
Nxc6 Qd6 19. Nxb8 Rxb8 20. b3 g5 21. h4 h6 22. hxg5 hxg5 23. Qc3 f6 24. Ra7 Nd4 25. Kf1 g4 26. Rh4 Qf4 27. Qc4+ Kf8 28. Ra1 Kg7 29. Qxc5 Qd6 30. Qxd6 exd6 31. Ra7+ Kg6 32. Rc7 f5 33. Rhh7 Ne6 34. Rce7 Nd4 35. Rhg7+ Kf6 36. Rgf7+ Kg6 37.
exf5+ Nxf5 38. Rd7 Nd4 39. Rxd6+ Kxf7 40. Rxd4 Ke6 41. Rf4 g3 42. Re4+ Kf5 43. fxg3 Ra8 44.
Rf4+ Kg5 45. Ke2 Ra1 0-1

[Event "*** SCC Grand Prix: Titled Tuesday Blitz"]
[Site "Chess.com"]
[Date "2020.08.11"]
[Round "8"]
[White "Sophist4Life"]
[Black "Grieve72"]
[Result "0-1"]
[WhiteElo "2498"]
[BlackElo "2383"]
[TimeControl "180+1"]
[EndTime "11:34:30 PDT"]
[Termination "Grieve72 won by checkmate"]

1. d4 d5 2. c4 e6 3. Nc3 c6 4.
e3 f5 5. Nf3 Nf6 6. Ne5 Be7 7.
f4 O-O 8. Be2 b6 9. O-O Bb7 10.
Rb1 c5 11. cxd5 exd5 12. dxc5 bxc5 13. b4 cxb4 14. Nb5 Nc6 15. Bb2 Ne4 16. Nd4 Nxd4 17. Qxd4 Qb6 18. Nd7 Qxd4 19. Bxd4 Rfc8 20. Rfc1 Nd2 21.
Ra1 Kf7 22. Bd3 Ne4 23. Ne5+ Ke6 24. Bb5 Nf6 25. Rxc8 Rxc8 26. Bxa7 Bc5 27. Bxc5 Rxc5 28. Bd3 Rc3 29. Bxf5+ Kxf5 30. Re1 Ke4 31. g3 Rxe3 32.
Rc1 Rc3 33. Rb1 d4 34. Kf1 Ba6+ 35. Ke1 Nd5 36. Kd2 Ne3 37. Rb2 g5 38. Nd7 gxf4 39. gxf4 Rd3+ 40. Ke1 Rd1+ 41. Kf2 Kxf4 42. Nc5 Rf1# 0-1

[Event "*** SCC Grand Prix: Titled Tuesday Blitz"]
[Site "Chess.com"]
[Date "2020.08.11"]
[Round "8"]
[White "kngopal"]
[Black "warmoatmeal"]
[Result "1-0"]
[WhiteElo "2189"]
[BlackElo "2311"]
[TimeControl "180+1"]
[EndTime "11:34:30 PDT"]
[Termination "kngopal won on time"]

1. b3 d5 2. Bb2 c5 3. e3 f6 4. f4 Nc6 5. Be2 Bf5 6. Nf3 e6 7.
Nh4 Bg6 8. Nxg6 hxg6 9. O-O Bd6 10. Nc3 Nge7 11. Qe1 Qd7 12. Bb5 a6 13. Bxc6 Qxc6 14.
Ne2 O-O-O 15. a3 g5 16. b4 Ng6 17. bxc5 Bc7 18. g3 d4 19. Nxd4 Qd5 20. f5 Rxh2 21.
e4 Qe5 22. Kxh2 Rh8+ 23. Kg2 Nh4+ 24. Kg1 g4 25. Rb1 Qxc5 26. Qe3 e5 27. Ne6 Qd6 28.
Nxc7 Nf3+ 29. Rxf3 gxf3 30. Nd5 Rh3 31. Qc3+ Kb8 32. Qc7+ Qxc7 33. Nxc7 Kxc7 34. Kf2 Rh2+ 35. Kxf3 Rxd2 36. Rh1 Rxc2 37. Rc1 Rxc1 38. Bxc1 b5 39. Bd2 Kc6 40. Ke3 Kc5 41. Kd3 Kb6 42. Bb4 1-0

[Event "*** SCC Grand Prix: Titled Tuesday Blitz"]
[Site "Chess.com"]
[Date "2020.08.11"]
[Round "8"]
[White "dpopadic"]
[Black "vesalhamedinia"]
[Result "0-1"]
[WhiteElo "2413"]
[BlackElo "2293"]
[TimeControl "180+1"]
[EndTime "11:34:33 PDT"]
[Termination "vesalhamedinia won on time"]

1. e4 c5 2. Nc3 Nc6 3. f4 e6 4.
Nf3 Nf6 5. Bb5 Be7 6. Bxc6 bxc6 7. d3 d5 8. e5 Nd7 9. O-O O-O 10. Kh1 f6 11. exf6 Bxf6 12. Qe2 Qe8 13. Bd2 a5 14. Na4 c4 15. Rfe1 cxd3 16. Qxd3 Qe7 17. Nd4 Bxd4 18. Qxd4 Ba6 19. Qe3 Rf6 20. Bc3 Rh6 21. Bd4 Qh4 22.
h3 Rf8 23. Be5 Nxe5 24. fxe5 Qxa4 25. b3 Qb4 26. Rad1 c5 27. Rg1 c4 28. Qa7 Qb5 29.
Rd4 cxb3 30. axb3 Bc8 31. Rg4 Qd7 32. Qxa5 Rh5 33. Qe1 Rhf5 34. Qg3 Bb7 35. Kh2 g6 36.
Qe3 Kg7 37. Qc5 Rc8 38. Qd4 Qc6 0-1

[Event "*** SCC Grand Prix: Titled Tuesday Blitz"]
[Site "Chess.com"]
[Date "2020.08.11"]
[Round "8"]
[White "TimKett"]
[Black "Zarikovs1999"]
[Result "0-1"]
[WhiteElo "2195"]
[BlackElo "2365"]
[TimeControl "180+1"]
[EndTime "11:34:33 PDT"]
[Termination "Zarikovs1999 won on time"]

1. e4 c5 2. Nf3 d6 3. d4 cxd4 4.
Nxd4 Nf6 5. Nc3 a6 6. Bg5 Nbd7 7.
f4 e6 8. Qf3 Qc7 9. O-O-O b5 10.
Bd3 Bb7 11. Rhe1 h6 12. Bxf6 gxf6 13. f5 e5 14. Nb3 Nb6 15. Na5 b4 16. Ne2 Be7 17.
Nxb7 Qxb7 18. Ng3 a5 19. Nh5 Qc6 20. Ng7+ Kf8 21. Nh5 Qc5 22. g4 a4 23. Kb1 a3 24. Qe3 Qc6 25. b3 Qc3 26. Qc1 Nd7 27.
Re3 Qc6 28. Bc4 Rc8 29. Qd2 Qb6 30. Qd5 Rh7 31. Rh3 Qc7 32. Ng3 Nb6 33. Qb5 Nxc4 34. bxc4 Qxc4 35. Qxc4 Rxc4 36. Ne2 Rxe4 37. Rd2 Rxg4 38.
Rhd3 Rg5 39. Ng3 h5 40. Rd5 h4 41. Ne4 Rxf5 42. Nxd6 Bxd6 43. Rxd6 Kg7 44. Rb6 Rf4 45. Rd1 Rh5 46. c3 bxc3 47. Kc2 Rf2+ 48. Kxc3 Rxa2 49.
Rg1+ Rg5 50. Rf1 f5 51. Kb3 Rb2+ 52. Kxa3 Rxb6 0-1

[Event "*** SCC Grand Prix: Titled Tuesday Blitz"]
[Site "Chess.com"]
[Date "2020.08.11"]
[Round "8"]
[White "WPWPWP-2015"]
[Black "ural58"]
[Result "0-1"]
[WhiteElo "2398"]
[BlackElo "2522"]
[TimeControl "180+1"]
[EndTime "11:34:37 PDT"]
[Termination "ural58 won on time"]

1. e4 d5 2. exd5 Qxd5 3. Nc3 Qa5 4. Rb1 e5 5. Bc4 Nf6 6. Nge2 Nc6 7. a3 Qc5 8. d3 Be6 9. Be3 Qe7 10. O-O O-O-O 11.
Bxe6+ Qxe6 12. Ng3 h5 13. Qf3 h4 14. Nge4 Nxe4 15.
dxe4 Nd4 16. Bxd4 exd4 17. Ne2 g6 18. Nf4 Qe5 19. Nd3 Qe8 20. Qg4+ Kb8 21. e5 Bg7 22. f4 h3 23. Rfe1 hxg2 24. Nc5 Qc6 25.
b4 b6 26. Na6+ Kb7 27. b5 Qd5 28. Qxg2 Qxg2+ 29. Kxg2 c5 30. Rbd1 Rd7 31. e6 fxe6 32. Rxe6 Rf8 33. Rxg6 Rxf4 34. Rf1 Rxf1 35. Kxf1 Kc8 36.
Ke2 Re7+ 37. Kd3 Be5 38. h4 Kd7 39. h5 Rf7 40. h6 Rf3+ 41. Ke4 Re3+ 42. Kd5 Ke7 43.
Re6+ Kf7 44. Rxe5 Rh3 45. Re6 c4 46. Rd6 d3 47. cxd3 Rxd3+ 48. Ke5 Rxa3 49. h7 Kg7 50. Rd7+ Kh8 51. Nb4 Rg3 52. Nd5 c3 0-1

[Event "*** SCC Grand Prix: Titled Tuesday Blitz"]
[Site "Chess.com"]
[Date "2020.08.11"]
[Round "8"]
[White "mortngabriel"]
[Black "frederiksvane"]
[Result "1-0"]
[WhiteElo "2467"]
[BlackElo "2569"]
[TimeControl "180+1"]
[EndTime "11:34:38 PDT"]
[Termination "mortngabriel won by checkmate"]

1. e4 c5 2. Nf3 e6 3. d4 cxd4 4. Nxd4 a6 5. Nc3 Qc7 6. Bd3 Bc5 7. Nb3 Be7 8. O-O d6 9. Qe2 Nf6 10. Bd2 O-O 11. Rae1 Nbd7 12. f4 b5 13. e5 dxe5 14.
fxe5 Nd5 15. Nxd5 exd5 16. Qh5 g6 17. Qh6 Nxe5 18. Rxe5 Qxe5 19. Bc3 Bc5+ 20. Nxc5 d4 21. Ne4 f5 22. Ng5 Ra7 23. Re1 Qc5 24. Bd2 Re7 25. Rf1 Rfe8 26. h4 Qe5 27. Nh3 Bb7 28. Nf4 Qg7 29. Qg5 h6 30. Qxg6 Qxg6 31. Nxg6 Rg7 32. h5 Be4 33. Kh2 Rc8 34. Kh3 Bxd3 35. cxd3 Rc2 36. Rxf5 Rf7 37. Rxf7 Kxf7 38. Bxh6 Rxb2 39.
Ne5+ Kf6 40. Bf4 Rxa2 41. h6 b4 42. g4 Ra1 43. g5+ Kf5 44. h7 Rh1+ 45. Bh2 b3 46. h8=Q b2 47. Qf6# 1-0

[Event "*** SCC Grand Prix: Titled Tuesday Blitz"]
[Site "Chess.com"]
[Date "2020.08.11"]
[Round "8"]
[White "Sergey85Rodchenkov"]
[Black "mapleaff"]
[Result "1-0"]
[WhiteElo "2477"]
[BlackElo "2347"]
[TimeControl "180+1"]
[EndTime "11:34:38 PDT"]
[Termination "Sergey85Rodchenkov won by resignation"]

1. e4 e5 2. Nf3 Nc6 3. Bc4 Bc5 4. d3 d6 5. c3 a5 6. O-O Nf6 7. Re1 O-O 8. Nbd2 h6 9. Nf1 Be6 10. Bb5 Bd7 11. Ng3 Ne7 12. Bc4 a4 13. d4 exd4 14.
cxd4 Bb4 15. Bd2 Bxd2 16. Qxd2 d5 17. exd5 Nexd5 18. Ne5 Be6 19. Re2 c6 20. Rae1 Qa5 21. Qc1 a3 22. b3 Rad8 23. h3 Rfe8 24. Nd3 Nc7 25. Nc5 Bxc4 26. Qxc4 Qxe1+ 27. Rxe1 Rxe1+ 28. Kh2 Nb5 29. Nf5 b6 30. Nb7 Rc8 31. Qb4 Re6 32. Ne7+ Rxe7 33. Qxe7 Nxd4 34. Nd6 Rf8 35. Qa7 c5 36. Qxa3 Nd5 37. Qa7 Nb4 38. Qxb6 Nxa2 39. Qxc5 Nxb3 40. Qa3 Nac1 41. Qb4 g6 42. Ne4 h5 43. f3 Kg7 44. h4 f6 45. Qc3 Rf7 46.
Ng5 Na5 47. Nxf7 1-0

[Event "*** SCC Grand Prix: Titled Tuesday Blitz"]
[Site "Chess.com"]
[Date "2020.08.11"]
[Round "8"]
[White "Iskusnyh"]
[Black "Savva09022009"]
[Result "1-0"]
[WhiteElo "2553"]
[BlackElo "2330"]
[TimeControl "180+1"]
[EndTime "11:34:38 PDT"]
[Termination "Iskusnyh won by resignation"]

1. d4 Nf6 2. c4 e6 3. g3 d5 4. Bg2 dxc4 5. Nf3 a6 6. O-O Nc6 7. Nbd2 Nxd4 8. Nxc4 Nxf3+ 9. Bxf3 Qxd1 10. Rxd1 Nd5 11.
e4 Nb6 12. Na5 e5 13. Be3 f6 14. Rac1 Bb4 15. Rxc7 Bxa5 16. Rxg7 Nd7 17. Bh5+ Kd8 18. Bg4 Kc7 19. Bxd7 Bxd7 20. Rdxd7+ Kc6 21. Rxb7 Rhc8 22.
b4 Bc7 23. Rgxc7+ Rxc7 24. Rb6+ Kd7 25. Rxf6 Rc2 26. a4 Rb2 27. Bc5 a5 28. b5 Ra2 29. b6 Rxa4 30. Bd6 Ra1+ 31. Kg2 Rb1 32. Bxe5 a4 33. Rf7+ Ke6 34. Ra7 Re8 35. Bc7 Ra1 36.
b7 a3 37. b8=Q Rxb8 38. Bxb8 a2 39. Bf4 h5 40. Ra6+ Kd7 41. Be5 1-0

[Event "*** SCC Grand Prix: Titled Tuesday Blitz"]
[Site "Chess.com"]
[Date "2020.08.11"]
[Round "8"]
[White "Srchesschilango"]
[Black "larisakalinina"]
[Result "1-0"]
[WhiteElo "2219"]
[BlackElo "1976"]
[TimeControl "180+1"]
[EndTime "11:34:38 PDT"]
[Termination "Srchesschilango won on time"]

1. d4 Nf6 2. c4 c5 3. d5 e6 4. Nc3 exd5 5. cxd5 d6 6. Nf3 g6 7. g3 Bg7 8. Bg2 O-O 9. Nd2 Na6 10. Nc4 Nc7 11.
Bf4 Nfe8 12. Ne4 b5 13. Ncxd6 Bxb2 14. Rb1 Bg7 15. O-O c4 16. Nxe8 Rxe8 17. d6 Ne6 18.
Qd2 Nxf4 19. Qxf4 Rb8 20. Rfd1 Bd7 21. h4 f5 22. Nc5 Rxe2 23. Bd5+ Kh8 24. Nxd7 Qxd7 25.
Bxc4 Re4 26. Bxb5 Rxb5 27. Rxb5 Rxf4 28. Rb8+ Bf8 29. gxf4 Kg7 30. Rb4 Kf6 31. Rbd4 a5 32. Rd5 a4 33. a3 Ke6 34. h5 gxh5 35. Kg2 h4 36. Kh3 Bh6 37. Re5+ Kf6 38. Rd4 Bxf4 39.
Re7 Qd8 40. Rxh7 1-0

[Event "*** SCC Grand Prix: Titled Tuesday Blitz"]
[Site "Chess.com"]
[Date "2020.08.11"]
[Round "8"]
[White "ExtremeLearner"]
[Black "GoldenShare"]
[Result "0-1"]
[WhiteElo "2361"]
[BlackElo "2506"]
[TimeControl "180+1"]
[EndTime "11:34:39 PDT"]
[Termination "GoldenShare won by resignation"]

1. d4 d5 2. Nf3 Nf6 3. g3 Bg4 4.
Bg2 c6 5. O-O Nbd7 6. c4 e6 7.
Nc3 Be7 8. b3 O-O 9. Bb2 a6 10.
Re1 b5 11. Ne5 Nxe5 12. dxe5 Nd7 13. cxd5 cxd5 14. Qd4 Bf5 15. e4 Bc5 16. Qd2 dxe4 17. Nxe4 Bxe4 18. Bxe4 Rc8 19. Rad1 Nb6 20. Bxh7+ Kxh7 21. Qc2+ g6 22. Rxd8 Rfxd8 23. Qe2 Nd5 24. Qf3 Kg7 25.
h4 Bb6 26. h5 Rc2 27. Re2 Rdc8 28. Kg2 Rxe2 29. Qxe2 Nb4 30. Qf3 Rc2 31. Qf6+ Kg8 32. Qe7 Rxf2+ 33. Kh3 Nd5 34. Qe8+ Kg7 35. h6+ Kxh6 36.
Qh8+ Kg5 37. Qh4+ Kf5 38. g4+ Ke4 39. g5+ Nf4+ 40. Kg3 Rf3+ 41. Kh2 Rh3+ 42. Qxh3 Nxh3 43. Kxh3 Bd4 44. Kg4 Bxb2 0-1

[Event "*** SCC Grand Prix: Titled Tuesday Blitz"]
[Site "Chess.com"]
[Date "2020.08.11"]
[Round "8"]
[White "AlanZhang"]
[Black "TreinadorBR"]
[Result "1-0"]
[WhiteElo "2171"]
[BlackElo "2258"]
[TimeControl "180+1"]
[EndTime "11:34:40 PDT"]
[Termination "AlanZhang won by checkmate"]

1. e4 c5 2. Nf3 e6 3. d4 cxd4 4. Nxd4 Nc6 5. Nb3 Qc7 6. Nc3 a6 7. a4 Bb4 8. Bd2 Nf6 9. Bd3 O-O 10. O-O Bxc3 11. Bxc3 Ne5 12. Qe2 d6 13. Kh1 Bd7 14. f4 Nxd3 15. cxd3 Bc6 16. Bxf6 gxf6 17. Qg4+ Kh8 18.
Qh4 Qe7 19. Nd4 Rae8 20. Rf3 Rg8 21. Nxc6 bxc6 22. Raf1 Rg7 23. Rh3 c5 24. Rff3 f5 25. Qh6 f6 26. Re3 Rg6 27. Qxg6 Rg8 28. Qh6 fxe4 29.
dxe4 Qg7 30. Qxg7+ Rxg7 31. Rhg3 Rb7 32. Rb3 Rxb3 33.
Rxb3 Kg7 34. Rb8 Kg6 35. Rb6 d5 36. exd5 exd5 37. Rxa6 c4 38. Rc6 d4 39. Rd6 d3 40.
a5 Kf5 41. g3 Ke4 42. Kg2 Ke3 43. Kf1 d2 44. a6 c3 45. bxc3 f5 46. a7 h5 47. a8=Q d1=Q+ 48. Rxd1 h4 49. Qe8+ Kf3 50. Qe2# 1-0

[Event "*** SCC Grand Prix: Titled Tuesday Blitz"]
[Site "Chess.com"]
[Date "2020.08.11"]
[Round "8"]
[White "Djager97"]
[Black "slavenok"]
[Result "1/2-1/2"]
[WhiteElo "2601"]
[BlackElo "2715"]
[TimeControl "180+1"]
[EndTime "11:34:41 PDT"]
[Termination "Game drawn by repetition"]

1. e4 c5 2. Nf3 a6 3. Nc3 e6 4. d4 cxd4 5. Nxd4 Nc6 6. Nxc6 bxc6 7. Bd3 d5 8. O-O Nf6 9. e5 Nd7 10. f4 Be7 11. Kh1 h6 12. Qg4 O-O 13. Bd2 f5 14. exf6 Nxf6 15. Qg6 Bd7 16. Rae1 Be8 17. Qg3 Bd7 18. f5 exf5 19. Bxh6 Nh5 20. Qh3 Nf6 21. Qg3 Nh5 22. Qg6 Be8 23. Qe6+ Bf7 24. Qxf5 Nf6 25. Bg5 g6 26. Qh3 Ne4 27. Bxe7 Qxe7 28. Nxe4 dxe4 29. Rxe4 Qc5 30. Qh6 Qh5 31. Qxh5 gxh5 32. Ref4 Kg7 33. Kg1 a5 34. b3 Ra7 35. Bc4 Bxc4 36.
Rxf8 Bxf1 37. Rxf1 a4 38. Rf4 axb3 39. axb3 Rd7 40.
Rc4 Rd6 41. Kf2 Kg6 42. Rc5 Rd2+ 43. Kf3 Rd6 44. Kf4 Rf6+ 45. Ke5 Rf2 46. Rxc6+ Kg5 47. Rc4 h4 48. b4 Re2+ 49. Kd5 Rxg2 50. b5 Rxh2 51.
b6 Rd2+ 52. Kc6 Rd8 53. Kc7 Rh8 54. Rxh4 Rxh4 55. b7 Rc4+ 56. Kd6 Rb4 57. Kc7 Rc4+ 58. Kd7 Rb4 59. Kc7 Rc4+ 1/2-1/2

[Event "*** SCC Grand Prix: Titled Tuesday Blitz"]
[Site "Chess.com"]
[Date "2020.08.11"]
[Round "8"]
[White "Morshynska"]
[Black "Sesleria"]
[Result "0-1"]
[WhiteElo "2155"]
[BlackElo "1963"]
[TimeControl "180+1"]
[EndTime "11:34:42 PDT"]
[Termination "Sesleria won on time"]

1. e4 c5 2. Nf3 e6 3. d4 cxd4 4. Nxd4 Nc6 5. Nc3 Qc7 6. Be2 Nf6 7. O-O a6 8. Kh1 Bc5 9. Nxc6 dxc6 10. f4 e5 11.
fxe5 Qxe5 12. Bf4 Qd4 13. Qe1 Be6 14. Qg3 O-O-O 15. Be5 Nxe4 16. Nxe4 Qxe4 17. Bd3 Qg4 18. Qxg4 Bxg4 19. Rxf7 Rde8 20. Bxg7 Rhg8 21. Bxh7 Be6 22.
Bxg8 Rxg8 23. Rf6 Bd5 24. Rg6 Bd4 25. Rf1 Rxg7 26. Rf8+ Kc7 27. Rxg7+ Bxg7 28. Rf4 Bxb2 29. c4 Be6 30. Re4 Kd6 31. h3 c5 32. g4 Bd4 33. Kh2 Bxc4 34. Kg3 Bd5 35. Re8 Bxa2 36. h4 Bb1 37. h5 b5 38. h6 c4 39. Rg8 Be5+ 40.
Kh4 c3 41. g5 c2 42. Rc8 b4 43. g6 Bc3 44. g7 c1=Q 45. g8=Q Qf4+ 0-1